 Dungeon Crawl Stone Soup version 0.31-a0-236-g9a0961fb85 (webtiles) character file.

Game seed: 9532482469449745327

46 qw the Shooter (level 3, -4/29 HPs)
             Began as a Minotaur Hexslinger on July 10, 2023.
             Killed from afar by Sigmund (7 damage)
             ... with a puff of flame
             ... on level 3 of the Dungeon.
             The game lasted 00:00:33 (1346 turns).

qw the Shooter (Minotaur Hexslinger)                Turns: 1346, Time: 00:00:33

Health: -4/29      AC:  5    Str: 12    XL:     3   Next: 44%
Magic:  3/3        EV: 12    Int: 10    God:
Gold:   145        SH:  0    Dex: 14    Spells: 3/4 levels left

rFire   . . .        Y - +1 sling
rCold   . . .        (no shield)
rNeg    . . .        c - +0 robe
rPois   +            j - +2 hat
rElec   .            (no cloak)
rCorr   .            (no gloves)
SInv    .            i - +0 pair of boots
Will    +....        (no amulet)
Stlth   +            a - ring of poison resistance
HPRegen 0.24/turn    e - ring of willpower
MPRegen 0.08/turn

%: no passive effects
@: no status effects
A: horns 2, retaliatory headbutt
a: no special abilities


You were on level 3 of the Dungeon.
You visited 1 branch of the dungeon, and saw 3 of its levels.

You collected 145 gold pieces.


Innate Abilities, Weirdness & Mutations

You have a pair of horns on your head.
You reflexively headbutt those who attack you in melee.


   Skills:
 - Level 2.0 Fighting
 + Level 4.0 Ranged Weapons
 - Level 2.1 Dodging
 - Level 1.0 Spellcasting
 - Level 2.0 Hexes


You had 3 spell levels left.
You knew the following spells:

 Your Spells              Type           Power      Damage    Failure   Level
a - Slow                  Hex            16%        N/A       16%         1

Your spell library contained the following spells:

 Spells                   Type           Power      Damage    Failure   Level
 Inner Flame              Hex/Fire       2%         N/A       56%         3
 Portal Projectile        Hex/Tloc       4%         N/A       56%         3
 Cause Fear               Hex            2%         N/A       83%         4

Inventory:

Hand Weapons
 Y - a +1 sling (weapon)
Armour
 c - a +0 robe (worn)
 g - a +0 ring mail
 i - a +0 pair of boots (worn)
 j - a +2 hat (worn)
Jewellery
 a - a ring of poison resistance (left hand)
 b - a +6 ring of strength
 e - a ring of willpower (right hand)
Scrolls
 d - a scroll of immolation {unknown}
 h - 2 scrolls of identify
Potions
 f - a potion of heal wounds {unknown}

Dungeon Overview and Level Annotations

Branches:
Dungeon (3/15)

Altars:

Annotations:
D:3 Sigmund


Message History

Sigmund is lightly wounded.
You shoot a sling bullet.
The sling bullet hits Sigmund but does no damage.
Sigmund is lightly wounded.
Sigmund hits you from afar with a +0 scythe!
You shoot a sling bullet.
The sling bullet closely misses Sigmund.
You shoot a sling bullet. The sling bullet barely misses Sigmund.
Sigmund barely misses you.
You shoot a sling bullet. The sling bullet hits Sigmund.
Sigmund is moderately wounded.
Sigmund gestures at you while chanting. The puff of flame hits you!
You shoot a sling bullet.
The sling bullet closely misses Sigmund.
Sigmund screams, "You will never...
NEVER!!!"
Sigmund gestures at you while chanting.
You are confused.
Sigmund hits you but does no damage. Sigmund barely misses you.
Sigmund misses you. Sigmund closely misses you.
You feel less confused.
Sigmund hits you from afar with a +0 scythe.
You shoot a sling bullet. The sling bullet hits Sigmund.
Sigmund is heavily wounded.
Sigmund casts a spell.
Sigmund flickers and vanishes!
Deactivating autopickup; reactivate with Ctrl-A.
You shoot a sling bullet. Something hits you!
1342 ||| FLEEEEING.
1343 ||| FLEEEEING.
1344 ||| FLEEEEING.
You see here a +0 robe.
1345 ||| FLEEEEING.
1346 ||| FLEEEEING.
A puff of flame appears from out of thin air!
The puff of flame hits you!
You die...

###.#.####
...?..... ####
#....# ..# ##.# .
#.###l.#
...###.#.{.#####
........[.....?...
.#..##..##########
# #@.### #. #....#
#..#....# .
#.#....# #####.#
#......#####.....
###..............
#....#..##.###
#....##....#
#./..###...#


You could see a frilled lizard.

Vanquished Creatures
  An adder (D:2)
  A worm (D:2)
  2 dart slugs (D:1)
  4 ball pythons
  2 endoplasms
  A goblin (D:1)
  8 hobgoblins
  2 bats
  2 frilled lizards
  2 kobolds (D:2)
  5 rats
30 creatures vanquished.

Notes
Turn   | Place    | Note
-------+----------+-------------------------------------------
     0 | D:1      | qw the Minotaur Hexslinger began the quest for the Orb.
     0 | D:1      | Reached XP level 1. HP: 16/16 MP: 1/1
     0 | D:1      | 0 ||| qw: Version: 0.3-a-51-g015441d
     0 | D:1      | 0 ||| qw: Game counter: 4485
     0 | D:1      | 0 ||| qw: Melee chars always use a shield: true
     0 | D:1      | 0 ||| qw: God list: Okawaru
     0 | D:1      | 0 ||| qw: Allow faded altars: false
     0 | D:1      | 0 ||| qw: Do Orc after clearing Dungeon:15 true
     0 | D:1      | 0 ||| qw: Do second Lair branch before Depths: true
     0 | D:1      | 0 ||| qw: Lair rune preference: random
     0 | D:1      | 0 ||| qw: Goals: Normal
     0 | D:1      | 0 ||| PLANNING D:1-11
   192 | D:1      | Reached skill level 3 in Ranged Weapons
   192 | D:1      | Reached XP level 2. HP: 23/23 MP: 2/2
   699 | D:1      | 699 ||| UPGRADING to +0 pair of boots.
   704 | D:1      | 704 ||| UPGRADING to +2 hat.
   709 | D:1      | 709 ||| UPGRADING to +6 ring of strength.
   710 | D:1      | 710 ||| UPGRADING to ring of willpower.
   711 | D:1      | 711 ||| READING scroll labelled ZUADWYNTYSIA.
   712 | D:1      | 712 ||| READING scroll labelled INENLY MIT VUS.
   713 | D:1      | 713 ||| DROPPING scroll of poison.
   823 | D:2      | Reached XP level 3. HP: 10/29 MP: 3/3
  1161 | D:2      | Reached skill level 4 in Ranged Weapons
  1266 | D:2      | 1266 ||| UPGRADING to ring of poison resistance.
  1268 | D:2      | 1268 ||| READING scroll labelled SAGREIL RERUWA.
  1272 | D:2      | 1272 ||| READING scroll labelled WUILLI YPUEM.
  1273 | D:2      | 1273 ||| READING 2 scrolls labelled TATWEIVV ACRIR.
  1274 | D:2      | 1274 ||| READING scroll labelled LYOLLE WINUOL.
  1326 | D:3      | Noticed Sigmund
  1341 | D:3      | HP: 2/29 [something (10)]
  1342 | D:3      | 1342 ||| FLEEEEING.
  1343 | D:3      | 1343 ||| FLEEEEING.
  1344 | D:3      | 1344 ||| FLEEEEING.
  1345 | D:3      | 1345 ||| FLEEEEING.
  1346 | D:3      | 1346 ||| FLEEEEING.
  1346 | D:3      | Killed from afar by Sigmund

Levels and vault maps discovered:
D:1:      wander_arrival_peaceful_grave, layout_basic,
          kennysheep_decorative_pillar, minivault_19
D:2:      layout_basic, minmay_tetromino_i2
D:3:      layout_rooms, serial_shops, nicolae_shop_crystal,
          nicolae_shop_hallway_stairs, uniq_sigmund

Skill      XL: |  1  2  3 |
---------------+----------+-----
Ranged Weapons | 3 4 |  4.0
Fighting       | 2 |  2.0
Dodging        | |  2.1
Spellcasting   | |  1.0
Hexes          | |  2.0

Action                     || total
---------------------------++-------
   Fire: Sling             ||   109
    Use: Scroll            ||     6
 Armour: Robe              ||     8
  Dodge: Dodged            ||    16

Table legend:
 A = Non-vault XP
 B = Vault XP
 C = Vault XP percentage of total XP
 D = Non-vault monster count
 E = Vault monster count
 F = Vault count percentage of total count
                 A         B        C        D         E       F
            +---------+---------+-------+---------+---------+-------
      Total |      63 |       3 |   4.5 |      28 |       2 |   6.7
            +---------+---------+-------+---------+---------+-------
        D:1 |      33 |       0 |   0.0 |      17 |       0 |   0.0
        D:2 |      28 |       3 |   9.7 |      10 |       2 |  16.7
        D:3 |       2 |       0 |   0.0 |       1 |       0 |   0.0
            +---------+---------+-------+---------+---------+-------
